 Dungeon Sprint DCSS version 0.21-a0-59-g7b0e191 (webtiles) character file.

113 Kidiri the Cudgeler (level 4, -1/48 HPs)
             Began as a Troll Gladiator on June 16, 2017.
             Was a Believer of Wu Jian.
             Slain by a porcupine (12 damage)
             ... in the Dungeon (Sprint VII: "The Pits").
             The game lasted 00:01:31 (185 turns).

Kidiri the Cudgeler (Troll Gladiator)                Turns: 185, Time: 00:01:31

Health: -1/48      AC:  5    Str: 23    XL:     4   Next: 65%
Magic:  3/3        EV: 11    Int:  4    God:    Wu Jian [**....]
Gold:   0          SH:  0    Dex: 11    Spells: 3/3 levels left

rFire    . . .     SeeInvis .   a - +2 mace
rCold    . . .     Gourm    +   (no shield)
rNeg     . . .     Faith    .   b - +0 robe
rPois    .         Spirit   .   c - +0 hat
rElec    .         Reflect  .   (no cloak)
rCorr    .         Harm     .   (gloves unavailable)
MR       .....     NoTele   +   (boots unavailable)
Stlth    ++........             (no amulet)
HPRegen  0.56/turn              (no ring)
MPRegen  0.08/turn              (no ring)

@: no status effects
A: unfitting armour, claws 3, fast metabolism 3, gourmand, regeneration 1,
shaggy fur 1, tough skin 2
a: Renounce Religion


You were in the Dungeon.
You worshipped Wu Jian.
Wu Jian was pleased with you.
You were not hungry.

You visited 1 branch

Inventory:

Hand Weapons
 a - a +2 mace (weapon)
Missiles
 d - 3 throwing nets (quivered)
Armour
 b - a +0 robe (worn)
 c - a +0 hat (worn)
Scrolls
 k - a scroll of blinking
 n - 3 scrolls of remove curse
 o - 5 scrolls of amnesia
 p - a scroll of summoning
Potions
 e - a potion of curing
 h - a potion of haste
 i - 4 potions of magic
 j - 3 potions of berserk rage
 m - 2 potions of invisibility
Comestibles
 f - 9 bread rations
 q - 40 fruits
 r - 7 meat rations


   Skills:
 * Level 3.8 Fighting
 * Level 4.6 Maces & Flails
 + Level 3.0 Throwing
 + Level 2.0 Armour
 * Level 4.0 Dodging
 * Level 2.4 Stealth


You had 3 spell levels left.
You didn't know any spells.

Dungeon Overview and Level Annotations

Branches:
Dungeon (1/1)

Altars:
Ashenzari
Cheibriados
Dithmenos
Elyvilon
Fedhas
Gozag
Hepliaklqana
Kikubaaqudgha
Makhleb
Nemelex Xobeh
Okawaru
Qazlal
Ru
Sif Muna
Trog
Uskayaw
Vehumet
Wu Jian
Xom
Yredelemnul
Zin
The Shining One
Beogh
Jiyva
Lugonu


Innate Abilities, Weirdness & Mutations

You are too large for most types of armour.
You have claws for hands.
Your metabolism is lightning-fast.
You like to eat raw meat.
Your natural rate of healing is unusually fast.
You are covered in fur. (AC +1)
You have very tough skin. (AC +2)


Message History

* * * LOW HITPOINT WARNING * * *
Unknown command.
You feel much better.
The porcupine bites you but does no damage.
You are struck by the porcupine's spines.
You closely miss the porcupine.
The porcupine is heavily wounded.
The porcupine bites you but does no damage.
You closely miss the porcupine.
The porcupine is heavily wounded.
The porcupine misses you. The porcupine bites you.
You are struck by the porcupine's spines.
* * * LOW HITPOINT WARNING * * *
You thump the porcupine!
The porcupine is almost dead.
The porcupine misses you.
You barely miss the porcupine.
The porcupine is almost dead.
The porcupine bites you!
You die...

#.?(.+)))+.##......#..#.
##########.##...........
#...........'...........
#+#####'#####......#..#.
#..#...'.##...........
#..#...#.#####+#####++
#..#####.##.......#
#..'.(.#.##.......#
#..'.@r(.##.......#
#..########...<...# #..+
#.......# #a.# #.......#
#### #.......# #########


You could see a porcupine.

Vanquished Creatures
  A floating eye (D)
  An adder (D)
  A giant cockroach (D)
  A kobold (D)
  A bat (D)
  A giant cockroach zombie (D)
  A jackal skeleton (D)
7 creatures vanquished.

Vanquished Creatures (others)
  A hydra (D)
  A wind drake (D)
2 creatures vanquished.

Grand Total: 9 creatures vanquished

Notes
Turn   | Place    | Note
-------+----------+-------------------------------------------
     0 | D        | Kidiri the Troll Gladiator began the quest for the Orb.
     0 | D        | Reached XP level 1. HP: 19/19 MP: 0/0
     4 | D        | Killed a four-headed hydra
     9 | D        | Killed a wind drake
    14 | D        | Reached skill level 1 in Stealth
    14 | D        | Reached XP level 2. HP: 28/28 MP: 1/1
    49 | D        | Found a bloodstained altar of Trog.
    49 | D        | Found a deep blue altar of Sif Muna.
    49 | D        | Found a viscous altar of Jiyva.
    49 | D        | Found a hazy altar of Hepliaklqana.
    49 | D        | Found an opulent altar of Gozag.
    50 | D        | Found a glowing golden altar of the Shining One.
    50 | D        | Found a glowing silver altar of Zin.
    50 | D        | Found a basalt altar of Yredelemnul.
    50 | D        | Found a shimmering altar of Xom.
    50 | D        | Found an ornate altar of the Wu Jian Council.
    50 | D        | Found a sacrificial altar of Ru.
    50 | D        | Found a stormy altar of Qazlal.
    50 | D        | Found an iron altar of Okawaru.
    50 | D        | Found a sparkling altar of Nemelex Xobeh.
    50 | D        | Found a burning altar of Makhleb.
    50 | D        | Found a blossoming altar of Fedhas.
    50 | D        | Found a white marble altar of Elyvilon.
    50 | D        | Found a shadowy altar of Dithmenos.
    50 | D        | Found a snail-covered altar of Cheibriados.
    53 | D        | Found a radiant altar of Vehumet.
    53 | D        | Found a corrupted altar of Lugonu.
    53 | D        | Found a roughly hewn altar of Beogh.
    54 | D        | Found a hide-covered altar of Uskayaw.
    54 | D        | Found an ancient bone altar of Kikubaaqudgha.
    54 | D        | Found a shattered altar of Ashenzari.
    60 | D        | Became a worshipper of the Wu Jian Council
    77 | D        | Noticed a floating eye
    80 | D        | Paralysed by a floating eye for 4 turns
    86 | D        | Killed a floating eye
    86 | D        | Reached XP level 3. HP: 37/39 MP: 2/2
    86 | D        | Reached XP level 4. HP: 46/48 MP: 3/3
   117 | D        | Reached * piety under Wu Jian
   148 | D        | Noticed a porcupine
   155 | D        | Reached ** piety under Wu Jian
   185 | D        | Slain by a porcupine

Vault maps used:
D:        pitsprint

Skill      XL: |  1  2 |
---------------+-------+-----
Fighting       | 2 3 |  3.8
Maces & Flails | 3 4 |  4.6
Throwing       | 2 3 |  3.0
Stealth        | 1 2 |  2.4
Armour         | 2 |  2.0
Dodging        | 4 |  4.0

Action                   |  1- 3 |  4- 6 || total
-------------------------+-------+-------++-------
Melee: Flail             |     1 |       ||     1
       Mace              |     4 |    29 ||    33
  Use: Potion            |       |     1 ||     1
  Eat: Chunk             |       |     2 ||     2
Armor: Robe              |     4 |    19 ||    23
Dodge: Dodged            |     7 |    25 ||    32
